 Dungeon Sprint DCSS version 0.21-a0-630-g344d351 (webtiles) character file.

132 schets the Skirmisher (level 4, 0/43 HPs)
             Began as a Minotaur Berserker on Dec 26, 2017.
             Was a Follower of Trog.
             Slain by a neqoxec (11 damage)
             ... in the Dungeon (Sprint II: "The Violet Keep of Menkaure").
             The game lasted 00:00:29 (25 turns).

schets the Skirmisher (Minotaur Berserker)            Turns: 25, Time: 00:00:29

Health: 0/43       AC:  2    Str: 22      XL:     4   Next: 92%
Magic:  3/3        EV: 13    Int:  3 (4)  God:    Trog [*.....]
Gold:   0          SH:  0    Dex: 10      Spells: 3/3 levels left

rFire    . . .     SeeInvis .   a - +0 hand axe
rCold    . . .     Gourm    .   (no shield)
rNeg     . . .     Faith    .   b - +0 animal skin
rPois    .         Spirit   .   (helmet restricted)
rElec    .         Reflect  .   (no cloak)
rCorr    .         Harm     .   (no gloves)
MR       .....     NoTele   +   (no boots)
Stlth    +.........             (no amulet)
HPRegen  0.14/turn              (no ring)
MPRegen  0.08/turn              (no ring)

@: berserk cooldown, slowed, very slow
A: retaliatory headbutt, horns 2, frail 1
a: Berserk, Burn Spellbooks, Renounce Religion


You were in the Dungeon.
You worshipped Trog.
Trog was aware of your devotion.
You were not hungry.

You visited 1 branch

Inventory:

Hand Weapons
 a - a +0 hand axe (weapon)
Armour
 b - a +0 animal skin (worn)
Scrolls
 i - a scroll of blinking
Potions
 d - a potion of curing
 e - a potion of heal wounds
 f - a potion of haste
 g - 2 potions of magic
 h - a potion of berserk rage
Comestibles
 c - a ration


   Skills:
 * Level 7.7 Fighting
 * Level 7.7 Axes
 + Level 5.3 Armour
 + Level 4.8 Dodging


You had 3 spell levels left.
You didn't know any spells.

Dungeon Overview and Level Annotations

Branches:
Dungeon (1/1)

Altars:

Shops:
D ?((


Innate Abilities, Weirdness & Mutations

You reflexively headbutt those who attack you in melee.
You have a pair of horns on your head.
You are frail. (-10% HP)


Message History

Unknown command.
You miss the neqoxec. Your headbutt misses the neqoxec.
The neqoxec is heavily wounded.
The neqoxec misses you.
The neqoxec hits you but does no damage.
Unknown command.
You closely miss the neqoxec. Your headbutt misses the neqoxec.
The neqoxec is heavily wounded.
The neqoxec barely misses you.
Unknown command.
You closely miss the neqoxec.
The neqoxec is heavily wounded.
The neqoxec closely misses you. The neqoxec misses you.
You furiously retaliate!
You headbutt the neqoxec, but do no damage.
Unknown command.
You slash the neqoxec!
The neqoxec is severely wounded.
The neqoxec hits you!
You die...

### ##3###+#
#.#@##.##
.∩..'≈33##'.<.+
∩.∩.#≈#5.###.##
▓▓###≈##5# #+#
##### ##


You could see a neqoxec.

Vanquished Creatures
  A neqoxec (D)
1 creature vanquished.

Vanquished Creatures (others)
  A crocodile (D)
1 creature vanquished.

Grand Total: 2 creatures vanquished

Notes
Turn   | Place    | Note
-------+----------+-------------------------------------------
     0 | D        | schets the Minotaur Berserker began the quest for the Orb.
     0 | D        | Reached XP level 1. HP: 19/19 MP: 0/0
     1 | D        | Noticed a neqoxec
     1 | D        | Gained mutation: You are frail. (-10% HP) [a neqoxec]
     8 | D        | Noticed a quasit
     9 | D        | Killed a neqoxec
     9 | D        | Reached skill level 5 in Armour
     9 | D        | Reached XP level 2. HP: 31/31 MP: 1/1
     9 | D        | Reached XP level 3. HP: 36/36 MP: 2/2
     9 | D        | Reached XP level 4. HP: 43/43 MP: 3/3
    13 | D        | Found Gecvu's Antique Weapon Shoppe.
    13 | D        | Found Luuriugh's Weapon Emporium.
    13 | D        | Found Qutyjis's Magic Scroll Shoppe.
    13 | D        | Noticed a neqoxec
    15 | D        | Noticed a neqoxec
    22 | D        | Killed a crocodile
    25 | D        | Slain by a neqoxec

Vault maps used:
D:        the_violet_keep_of_menkaure

Skill      XL: |  1 |
---------------+----+-----
Fighting       | 7 |  7.7
Axes           | 7 |  7.7
Armour         | 5 |  5.3
Dodging        | 4 |  4.8

Action                   |  1- 3 |  4- 6 || total
-------------------------+-------+-------++-------
Melee: Hand axe          |     4 |    10 ||    14
       Headbutt          |       |     2 ||     2
Invok: Berserk           |     1 |       ||     1
Armor: Animal skin       |     1 |     1 ||     2
Dodge: Dodged            |     1 |     8 ||     9

Table legend:
 A = Spawn XP
 B = Non-spawn XP
 C = Spawn XP percentage of total XP
 D = Spawn monster count
 E = Non-spawn monster count
 F = Spawn count percentage of total count
 G = Total turns spent on level
                    A         B        C        D         E        F      G
               +---------+---------+-------+---------+---------+-------+---------
         Total |       0 |     189 |   0.0 |       0 |       1 |   0.0 |    25
               +---------+---------+-------+---------+---------+-------+---------
             D |       0 |     189 |   0.0 |       0 |       1 |   0.0 |    25
               +---------+---------+-------+---------+---------+-------+---------
